 Dungeon Crawl Stone Soup version 0.28.0-56-g4927b6849a (webtiles) character file.

Game seed: 5331517568451873064

53 Mickster the Skirmisher (level 3, -2/37 HPs)
             Began as a Troll Wanderer on Feb 12, 2023.
             Slain by a goblin
             ... wielding a +0 club
             ... led by Robin
              (5 damage)
             ... on level 3 of the Dungeon.
             The game lasted 00:15:17 (1425 turns).

Mickster the Skirmisher (Troll Wanderer)            Turns: 1425, Time: 00:15:18

Health: -2/37      AC:  4    Str: 21    XL:     3   Next: 64%
Magic:  2/2        EV: 10    Int:  7    God:
Gold:   14         SH:  0    Dex: 11    Spells: 2/2 levels left

rFire   . . .      SeeInvis .   f - +2 dagger (venom)
rCold   . . .      Faith    .   (no shield)
rNeg    . . .      Spirit   .   d - +0 robe
rPois   .          Reflect  .   (helmet restricted)
rElec   .          Harm     .   (no cloak)
rCorr   .          Rampage  .   (gloves unavailable)
Will    .....                   (boots unavailable)
Stlth   +.........              (no amulet)
HPRegen 0.92/turn               (no ring)
MPRegen 0.08/turn               (no ring)

@: no status effects
A: large, unfitting armour, claws 3, regeneration 1, shaggy fur 1, tough skin 1
a: no special abilities


You were on level 3 of the Dungeon.
You visited 1 branch of the dungeon, and saw 3 of its levels.

You collected 14 gold pieces.

Inventory:

Hand Weapons
 a - a +1 mace
 f - a +2 dagger of venom (weapon)
Armour
 d - a +0 robe (worn)
Scrolls
 b - a scroll of fear
 c - a scroll of blinking


   Skills:
 + Level 3.1 Fighting
 * Level 1.2 Short Blades
 - Level 2.7 Maces & Flails
 + Level 1.9 Dodging
 + Level 0.4 Stealth
 - Level 2.0 Unarmed Combat


You had 2 spell levels left.
You didn't know any spells.
Your spell library was empty.

Dungeon Overview and Level Annotations

Branches:
Dungeon (3/15)

Altars:


Innate Abilities, Weirdness & Mutations

You are too large for most types of armour.
You have claws for hands.
Your natural rate of healing is unusually fast.
You are covered in fur. (AC +1)
You have tough skin. (AC +1)


Message History

You hit the goblin.
You kill the goblin!
The goblin hits you with a +0 club. The goblin hits you but does no damage.
You closely miss the goblin. The goblin closely misses you.
A goblin comes into view. It is wielding a +0 dagger.
The goblin hits you with a +0 club. The goblin closely misses you.
You hit the goblin.
The goblin is poisoned.
The goblin is severely wounded.
You kill the goblin!
The goblin barely misses you. The goblin closely misses you.
You hit the goblin.
The goblin is poisoned.
The goblin is severely wounded.
You kill the goblin!
The goblin hits you with a +0 club. x2
You closely miss the goblin. The goblin hits you with a +0 dagger.
The goblin hits you with a +0 club. The goblin hits you but does no damage.
You hit the goblin.
The goblin is heavily wounded.
The goblin no longer looks unusually strong.
The goblin hits you with a +0 dagger. The goblin hits you but does no damage.
The goblin hits you with a +0 club.
* * * LOW HITPOINT WARNING * * *
You miss the goblin.
The goblin is heavily wounded.
The goblin closely misses you. The goblin hits you but does no damage.
The goblin barely misses you.
You closely miss the goblin.
The goblin is heavily wounded.
The goblin hits you with a +0 dagger.
* * * LOW HITPOINT WARNING * * *
The goblin closely misses you. The goblin hits you but does no damage.
You hit the goblin.
You kill the goblin!
The goblin hits you with a +0 club.
* * * LOW HITPOINT WARNING * * *
The goblin hits you with a +0 club.
* * * LOW HITPOINT WARNING * * *
You closely miss the goblin. The goblin barely misses you. x2
The goblin hits you with a +0 club.
You die...

#.## ##...#
## ##....# .
#.... . #..#
.# #<.## #.##
#...# #...##
#.#.##gg...##
#.#.g@gg⌠....
#...###...###
###.# ..# #)#
.# #.# # #.#
#.. ###


You could see 5 goblins.

Vanquished Creatures
  Robin (D:3)
  An adder (D:2)
  A worm (D:2)
  A dart slug (D:1)
  2 endoplasms (D:1)
  A giant cockroach (D:2)
  A hobgoblin (D:1)
  A quokka (D:1)
  3 ball pythons
  5 bats
  3 frilled lizards
  7 goblins
  A kobold (D:1)
  5 rats
33 creatures vanquished.

Notes
Turn   | Place    | Note
-------+----------+-------------------------------------------
     0 | D:1      | Mickster the Troll Wanderer began the quest for the Orb.
     0 | D:1      | Mickster set off with the following items: a +1 mace, a
                  | scroll of fear, a scroll of blinking, a +0 robe
     0 | D:1      | Reached XP level 1. HP: 22/22 MP: 0/0
   348 | D:1      | Reached XP level 2. HP: 24/29 MP: 1/1
   869 | D:2      | Reached skill level 3 in Fighting
   889 | D:2      | Reached XP level 3. HP: 37/37 MP: 2/2
  1108 | D:2      | Reached skill level 1 in Short Blades
  1408 | D:3      | Noticed Robin
  1415 | D:3      | Killed Robin
  1425 | D:3      | Slain by a goblin

Illustrated notes

Levels and vault maps discovered:
D:1:      enne_arrival_octagon_isle, layout_basic, serial_co_window_serial,
          co_window_paths_b, co_window_paths_a, co_window_paths_a,
          co_window_paths_b, co_window_corner_a, co_window_cross_4,
          co_window_cross_4, co_window_of_opportunity_b, co_window_paths_d,
          glass_columns_c, glass_columns_b, glass_columns_a, glass_columns_b,
          glass_columns_c, hellmonk_ecumenical_altar_watching_god,
          serial_bayou_crossing
D:2:      layout_basic
D:3:      layout_loops_cross, grunt_ministairs_15, kennysheep_generic_room_6,
          uniq_robin

Skill      XL: |  1  2  3 |
---------------+----------+-----
Fighting       | 3 |  3.1
Short Blades   | 1 |  1.2
Maces & Flails | |  2.7
Dodging        | |  1.9
Stealth        | |  0.4
Unarmed Combat | |  2.0

Action                   || total
-------------------------++-------
Melee: Dagger            ||    73
       Mace              ||    12
  Use: Potion            ||     3
Armor: Robe              ||    28
Dodge: Dodged            ||    49
